 Dungeon Crawl Stone Soup version 0.24-a0-292-g5c6fb1c (webtiles) character file.

Game seed: 16792027071691432014

38 galech the Skirmisher (level 3, 27/29 HPs)
             Began as a Demonspawn Fighter on May 10, 2019.
             Quit the game on level 2 of the Dungeon.
             The game lasted 00:01:46 (1271 turns).

galech the Skirmisher (Demonspawn Fighter)          Turns: 1271, Time: 00:01:46

Health: 27/29      AC:  9    Str: 19    XL:     3   Next: 25%
Magic:  3/3        EV:  5    Int:  9    God:
Gold:   58         SH:  9    Dex: 13    Spells: 2/2 levels left

rFire    + . .     SeeInvis .   a - +0 war axe
rCold    + . .     Gourm    .   c - +0 shield
rNeg     . . .     Faith    .   g - +0 chain mail
rPois    +         Spirit   .   (no helmet)
rElec    .         Reflect  .   i - scarf {rC+ rF+}
rCorr    .         Harm     .   (no gloves)
MR       .....                  (no boots)
Stlth    ..........             (no amulet)
HPRegen  0.09/turn              e - ring of poison resistance
MPRegen  0.08/turn              k - +3 ring of strength

@: no status effects
A: claws 1, hooves 1
a: no special abilities


You were on level 2 of the Dungeon.
You were very hungry.

You visited 1 branch of the dungeon, and saw 2 of its levels.

You collected 58 gold pieces.

Inventory:

Hand Weapons
 a - a +0 war axe (weapon)
Armour
 c - a +0 shield (worn)
 g - a +0 chain mail (worn)
 i - a scarf of resistance (worn)
Jewellery
 e - a ring of poison resistance (left claw)
 k - a +3 ring of strength (right claw)
Scrolls
 j - a scroll of noise {unknown}
 l - 2 scrolls of remove curse {unknown}
 n - a scroll of amnesia {unknown}
Potions
 b - a potion of degeneration {unknown}
 d - a potion of might
 h - 2 potions of curing {unknown}
Comestibles
 f - 4 rations


   Skills:
 + Level 3.6 Fighting
 + Level 2.0 Axes
 + Level 3.1 Armour
 + Level 2.9 Shields


You had 2 spell levels left.
You didn't know any spells.
Your spell library was empty.

Dungeon Overview and Level Annotations

Branches:
Dungeon (2/15)

Altars:
Okawaru


Innate Abilities, Weirdness & Mutations

You have sharp fingernails.
You have large cloven feet.


Message History

You have reached level 3!
Your experience leads to an increase in your attributes!
Your base attributes are Str 16, Int 9, Dex 12.
Increase (S)trength, (I)ntelligence, or (D)exterity?
You feel agile.
Your demonic ancestry asserts itself...
Your feet thicken and deform.
The adder barely misses you.
You slash the adder!
You kill the adder!
Your Armour skill increases to level 3!
No target in view!
No target in view!
No target in view!
No target in view!
No target in view!
No target in view!
No target in view!
No target in view!
Found a spear.
Are you sure you want to abandon this character and quit the game? (Confirm with "yes".)

.## #.# . ## #.# .###..#
# #.# ..##..# # # #.#
#.##..###.. ## #.#
#.##..#... .##
#.###.##..... ..##
#.........# . ...##
##.###....###....
....####...##...@.......
....'..........#.).).#..
.)..####...##.##.._..#
...## ##.###..#.).).#
..## ### #.......... .##
#....###...# # #.....
.... ..##... .## .##
####


There were no monsters in sight!

Vanquished Creatures
  An adder (D:2)
  A gnoll (D:1)
  3 leopard geckos
  A giant cockroach (D:1)
  A goblin (D:2)
  3 hobgoblins (D:1)
  A bat (D:1)
  2 frilled lizards
  3 kobolds
  2 rats
18 creatures vanquished.

Notes
Turn   | Place    | Note
-------+----------+-------------------------------------------
     0 | D:1      | galech the Demonspawn Fighter began the quest for the Orb.
     0 | D:1      | Reached XP level 1. HP: 18/18 MP: 1/1
   311 | D:1      | Gained mutation: You have sharp fingernails. [demonic
                  | ancestry]
   311 | D:1      | Reached XP level 2. HP: 16/24 MP: 2/2
  1254 | D:2      | Found an iron altar of Okawaru.
  1266 | D:2      | Gained mutation: You have large cloven feet. [demonic
                  | ancestry]
  1266 | D:2      | Reached XP level 3. HP: 27/29 MP: 3/3
  1271 | D:2      | Quit the game

Levels and vault maps discovered:
D:1:      lightli_arrival_farm, layout_basic, st_stairs_6
D:2:      layout_loops_corners, okawaru_ov_weapons_minmay, minmay_statues_item,
          uniq_sigmund, uniq_natasha

Skill      XL: |  1  2  3 |
---------------+----------+-----
Axes           | 2 |  2.0
Armour         | 3 |  3.1
Fighting       | |  3.6
Shields        | |  2.9

Action                   || total
-------------------------++-------
Melee: War axe           ||    54
Armor: Chain mail        ||    30
Dodge: Dodged            ||    11
Block: Shield            ||    28

Table legend:
 A = Non-vault XP
 B = Vault XP
 C = Vault XP percentage of total XP
 D = Non-vault monster count
 E = Vault monster count
 F = Vault count percentage of total count
                 A         B        C        D         E       F
            +---------+---------+-------+---------+---------+-------
      Total |      53 |       2 |   3.6 |      17 |       1 |   5.6
            +---------+---------+-------+---------+---------+-------
        D:1 |      33 |       0 |   0.0 |      12 |       0 |   0.0
        D:2 |      20 |       2 |   9.1 |       5 |       1 |  16.7
            +---------+---------+-------+---------+---------+-------
